 Dungeon Crawl Stone Soup version 0.18.1-8-gdd0e5ea (webtiles) character file.

37 juanjsm the Insei (level 3, -4/23 HPs)
             Began as an Octopode Transmuter on June 7, 2016.
             Slain by Natasha (6 damage)
             ... on level 2 of the Dungeon.
             The game lasted 00:04:42 (1365 turns).

juanjsm the Insei (Octopode Transmuter)             Turns: 1365, Time: 00:04:43

Health: -4/23      AC:  2    Str:  9    XL:     3   Next: 41%
Magic:  15/15      EV: 12    Int: 16    God:
Gold:   88         SH:  0    Dex: 12    Spells: 1 memorised, 5 levels left

rFire  . . .     SeeInvis .       - Unarmed
rCold  . . .     Gourm    .     (no shield)
rNeg   . . .     Faith    .     p - +1 hat
rPois  .         Spirit   .     (no amulet)
rElec  .         Dismiss  .     k - ring of magical power
rCorr  .         Reflect  .     (no ring)
SustAt .         Harm     .     (no ring)
MR     .....                    (no ring)
Stlth  ++........               (no ring)
                                (no ring)
                                (no ring)
                                (no ring)

@: appendage, slowed, very slow, not resistant to hostile enchantments,
unstealthy
A: almost no armour, amphibious, 8 rings, constrict 8, tentacle spike 3,
camouflage 1, gelatinous body 1
a: End Transformation


You were on level 2 of the Dungeon.
You were hungry.
One of your tentacles had a temporary spike.
You visited 1 branch of the dungeon, and saw 3 of its levels.

You collected 88 gold pieces.

Inventory:

Missiles
 a - 12 arrows
 e - 34 stones (quivered)
 l - 18 poisoned needles
 q - 3 needles of sleeping
Armour
 p - a +1 hat (worn)
Jewellery
 k - a ring of magical power (left tentacle)
 n - an uncursed amulet of dismissal {unknown}
Scrolls
 f - a scroll of remove curse {unknown}
 h - a scroll of enchant weapon {unknown}
 j - a scroll of magic mapping {unknown}
 o - a scroll of identify {unknown}
Potions
 g - a potion of brilliance {unknown}
 i - a potion of haste {unknown}
 m - a potion of curing {unknown}
Books
 b - a book of Changes

   Spells                             Type                      Level
   a - Beastly Appendage              Transmutation                1
   b - Sticks to Snakes               Transmutation                2
   c - Spider Form                    Transmutation/Poison         3
   d - Ice Form                       Ice/Transmutation            4
   e - Blade Hands                    Transmutation                5
Comestibles
 c - a bread ration
 d - 2 meat rations


   Skills:
 + Level 1.0 Fighting
 + Level 2.4 Dodging
 + Level 0.4 Stealth
 + Level 3.6 Unarmed Combat
 + Level 2.3 Spellcasting
 + Level 2.1 Transmutations


You had 5 spell levels left.
You knew the following spells:

 Your Spells              Type           Power        Failure   Level  Hunger
a - Beastly Appendage     Trmt           #.....       10%         1    #......


Dungeon Overview and Level Annotations

Branches:
Dungeon (3/15)

Altars:
Dithmenos

Annotations:
D:2 Natasha


Innate Abilities, Weirdness & Mutations

You cannot wear most types of armour.
You are amphibious.
You can wear up to eight rings at the same time.
You can use your tentacles to constrict eight enemies at once.
Your skin changes colour to match your surroundings (Stealth).
Your rubbery body absorbs attacks (AC +1).
One of your tentacles bears a large vicious spike.


Message History

You feel yourself slow down.
You barely miss Natasha. Your grab misses Natasha.
Natasha is lightly wounded.
Natasha claws you!
You tentacle-slap Natasha. Your grab misses Natasha.
Natasha is heavily wounded.
Natasha misses you. Natasha claws you but does no damage.
You barely miss Natasha. Your grab misses Natasha.
You pierce Natasha, but do no damage.
Natasha is heavily wounded.
Natasha closely misses you.
You barely miss Natasha. You grab Natasha.
You pierce Natasha, but do no damage.
Natasha is heavily wounded.
You constrict Natasha. Natasha claws you.
* * * LOW HITPOINT WARNING * * *
You tentacle-slap Natasha.
Natasha is almost dead.
You constrict Natasha. Natasha claws you.
You die...

#..#.#.#
#..#.# #
#..#.# #
#..#.#.# ##
#..#.#.#....
#...........
##.#>#.....
##.#.# ...
#..#@# .
#.##h#
#.##..
#.##### #.#
#.# #.# #.#
#..


You could see Natasha.

Vanquished Creatures
  2 oozes (D:1)
  A giant cockroach (D:1)
  4 hobgoblins (D:1)
  4 jackals (D:1)
  2 kobolds (D:1)
  A quokka (D:2)
  A ball python (D:1)
  2 bats (D:1)
  3 giant newts (D:1)
  3 goblins (D:1)
  6 rats (D:1)
29 creatures vanquished.

Notes
Turn   | Place    | Note
--------------------------------------------------------------
     0 | D:1      | juanjsm the Octopode Transmuter began the quest for the Orb.
     0 | D:1      | Reached XP level 1. HP: 13/13 MP: 3/3
   155 | D:1      | Reached XP level 2. HP: 3/18 MP: 3/5
   749 | D:1      | Reached XP level 3. HP: 23/23 MP: 4/6
  1282 | D:2      | Found a shadowy altar of Dithmenos.
  1345 | D:2      | Noticed Natasha
  1365 | D:2      | Slain by Natasha

Action                   || total
-------------------------++-------
Melee: Unarmed           ||    72
       Constrict         ||    16
       Kick              ||    12
       Tentacles         ||     4
 Cast: Beastly Appendage ||    14
 Stab: Sleeping          ||     5
  Eat: Chunk             ||     1
Armor: Skin              ||     5
Dodge: Dodged            ||    30
